 Dungeon Crawl Stone Soup version 0.19.1-1-g22dce08 (webtiles) character file.

2038 empire the Chiller (level 9, -3/67 HPs)
             Began as a Green Draconian Ice Elementalist on Jan 19, 2017.
             Was a Follower of Sif Muna.
             Slain by a wyvern zombie (7 damage)
             ... on level 7 of the Dungeon on Jan 20, 2017.
             The game lasted 00:28:31 (9849 turns).

empire the Chiller (DrIE)                           Turns: 9849, Time: 00:28:31

Health: -3/67      AC: 16    Str: 14      XL:     9   Next: 4%
Magic:  0/15       EV: 12    Int: 18      God:    Sif Muna [*.....]
Gold:   316        SH:  0    Dex: 10 (11) Spells: 3 memorised, 10 levels left

rFire  . . .     SeeInvis .     a - +1 dagger (pain)
rCold  . . .     Gourm    .     (armour unavailable)
rNeg   + . .     Faith    .     (no shield)
rPois  +         Spirit   +     Z - +1 hat
rElec  .         Reflect  .     (no cloak)
rCorr  .         Harm     .     X - +0 pair of gloves
MR     .....     Rnd*Rage +     Y - +0 pair of boots
Stlth  ++........               B - amulet of guardian spirit
                                v - ring of wizardry
                                q - ring of positive energy

@: icy armour, slow
A: breathe noxious fumes, unfitting armour, antennae 1, hooves 1, berserk 1, low
mp 1, poison resistance, strong 1, cold-blooded, AC +7
a: Breathe Noxious Fumes, Divine Energy, Renounce Religion


You were on level 7 of the Dungeon.
You worshipped Sif Muna.
Sif Muna was aware of your devotion.
You were not hungry.

You visited 2 branches of the dungeon, and saw 9 of its levels.

You collected 316 gold pieces.

Inventory:

Hand Weapons
 a - a +1 dagger of pain (weapon)
 b - a +0 long sword
 e - a +2 long sword
 i - a +0 short sword of draining
 l - a +0 flail of protection
 t - a cursed -1 shortbow
 C - a +0 mace
Missiles
 E - 70 arrows
Armour
 f - the cursed +1 robe of Starshine {rF- Str+3, unknown}
   (You found it on level 4 of the Dungeon)

   It affects your strength (+3).
   It makes you vulnerable to fire.
   It has a curse placed upon it.
 x - a +0 large shield
 z - the +5 plate armour of Nuseporch {Str+4, unknown}
   (You found it on level 4 of the Dungeon)

   It affects your strength (+4).
 X - a +0 pair of gloves (worn)
 Y - a +0 pair of boots (worn)
 Z - a +1 hat (worn)
Jewellery
 q - a ring of positive energy (left hand)
 v - a ring of wizardry (right hand)
 w - an uncursed ring of fire {unknown}
 B - an amulet of guardian spirit (around neck)
Wands
 s - a wand of lightning (0/15)
Scrolls
 k - a scroll of immolation
 o - 3 scrolls of amnesia
 p - a scroll of magic mapping
 y - 3 scrolls of noise
 A - a scroll of teleportation
 G - a scroll of remove curse
Potions
 g - 3 potions of cure mutation
 h - a potion of flight
Books
 d - a book of Frost

   Spells                             Type                      Level
   a - Freeze                         Ice                          1
   b - Throw Frost                    Conjuration/Ice              2
   c - Ozocubu's Armour               Charms/Ice                   3
   d - Throw Icicle                   Conjuration/Ice              4
   e - Summon Ice Beast               Ice/Summoning                4
Comestibles
 c - a beef jerky
 j - a royal jelly
 m - a meat ration
 n - 4 bread rations
 r - a chunk of flesh


   Skills:
 - Level 2.1 Fighting
 - Level 1.7 Dodging
 - Level 1.7 Stealth
 + Level 5.3 Spellcasting
 + Level 4.8 Conjurations
 + Level 4.3 Charms
 + Level 6.6 Ice Magic
 + Level 2.9 Invocations
 - Level 3.2 Evocations


You had 10 spell levels left.
You knew the following spells:

 Your Spells              Type           Power        Failure   Level  Hunger
a - Freeze                Ice            ####         1%          1    None
b - Ozocubu's Armour      Chrm/Ice       ###.....     1%          3    ##.....
c - Throw Icicle          Conj/Ice       ####....     6%          4    ####...


Dungeon Overview and Level Annotations

Branches:
Dungeon (8/15)             Temple (1/1) D:6
   Lair: D:8-11

Altars:
Ashenzari
Cheibriados
Dithmenos
Elyvilon
Fedhas
Gozag
Hepliaklqana
Kikubaaqudgha
Makhleb
Nemelex Xobeh
Okawaru
Qazlal
Sif Muna
Trog
Uskayaw
Vehumet
Xom
Yredelemnul
Zin
The Shining One

Annotations:
D:4 Sigmund
D:7 1 runed door


Innate Abilities, Weirdness & Mutations

You can breathe blasts of noxious fumes.
Your lurid green scales are hard. (AC +7)
You cannot fit into any form of body armour.
Your system is resistant to poisons. (rPois)
You are cold-blooded and may be slowed by cold attacks.
You have a pair of small antennae on your head.
You have large cloven feet.
You tend to lose your temper in combat.
Your magical capacity is low. (-10% MP)
Your muscles are strong. (Str +2)


Message History

The wyvern zombie is almost destroyed.
The wyvern zombie bites you.
* * * LOW HITPOINT WARNING * * *
You hit the wyvern zombie but do no damage.
You tail-slap the wyvern zombie.
The wyvern zombie is almost destroyed.
The wyvern zombie barely misses you.
You hit the wyvern zombie.
The wyvern zombie is almost destroyed.
The wyvern zombie bites you!
* * * LOW HITPOINT WARNING * * *
The wyvern zombie closely misses you.
Okay, then.
The wyvern zombie bites you.
* * * LOW HITPOINT WARNING * * *
Press: ? - help, v - describe, . - travel
Here: a wyvern zombie (almost destroyed)
The floor.
The wyvern zombie bites you!
You die...

#.# #.# #.#
#########.#
#.#
#.........#
#.#
#.########
#.# #.# #.#
#.# #.# #.#
#.###Z#
#...@.#
#####.# ###


You could see a wyvern zombie.

Vanquished Creatures
  2 sky beasts (D:6)
  2 phantoms (D:5)
  2 ice beasts (D:6)
  3 centaurs
  An ogre (D:6)
  3 bullfrogs
  2 scorpions
  2 howler monkeys
  4 wights
  3 crimson imps
  A quasit (D:6)
  2 hounds (D:6)
  A jelly (D:5)
  An orc priest (D:5)
  An orc wizard (D:5)
  A bullfrog skeleton (D:5)
  Jessica (D:3)
  An iguana (D:5)
  2 worker ants
  Terence (D:2)
  A killer bee zombie (D:5)
  A hound skeleton (D:7)
  6 adders
  2 oozes (D:2)
  5 worms
  5 leopard geckos
  9 orcs
  4 ball pythons
  9 giant cockroaches
  8 goblins
  7 hobgoblins
  8 jackals
  4 quokkas
  9 bats
  8 frilled lizards
  2 gnoll zombies (D:3)
  6 kobolds
  A leopard gecko skeleton (D:6)
  A quokka skeleton (D:4)
  A quokka zombie (D:5)
  4 rats
137 creatures vanquished.

Notes
Turn   | Place    | Note
-------+----------+-------------------------------------------
     0 | D:1      | empire the Draconian Ice Elementalist began the quest for the Orb.
     0 | D:1      | Reached XP level 1. HP: 14/14 MP: 3/3
   458 | D:1      | Reached skill level 1 in Fighting
   461 | D:1      | Reached XP level 2. HP: 21/23 MP: 1/5
   512 | D:1      | Found a sparkling altar of Nemelex Xobeh.
  1103 | D:2      | Reached XP level 3. HP: 22/28 MP: 0/6
  1252 | D:2      | Noticed Terence
  1301 | D:1      | Learned a level 3 spell: Ozocubu's Armour
  1307 | D:2      | Killed Terence
  1660 | D:2      | Found a faded altar of an unknown god.
  1678 | D:2      | Reached skill level 1 in Charms
  1678 | D:2      | Reached XP level 4. HP: 30/36 MP: 3/8
  1725 | D:2      | Learned a level 4 spell: Throw Icicle
  1750 | D:2      | Found a shattered altar of Ashenzari.
  2568 | D:3      | Found a basalt altar of Yredelemnul.
  2851 | D:3      | Reached skill level 4 in Ice Magic
  3132 | D:3      | Noticed Jessica
  3145 | D:3      | Killed Jessica
  3145 | D:3      | Reached XP level 5. HP: 38/41 MP: 2/9
  3575 | D:4      | Found a shadowy altar of Dithmenos.
  3578 | D:4      | Found a shimmering altar of Xom.
  3578 | D:4      | Found a white marble altar of Elyvilon.
  3578 | D:4      | Found a glowing golden altar of the Shining One.
  3579 | D:4      | Found a sparkling altar of Nemelex Xobeh.
  3602 | D:4      | Got a dazzling plate armour
  3646 | D:4      | Found a faded altar of an unknown god.
  3646 | D:4      | Found a faded altar of an unknown god.
  3652 | D:4      | Found a faded altar of an unknown god.
  3655 | D:4      | Found a stormy altar of Qazlal.
  3657 | D:4      | Found a faded altar of an unknown god.
  3733 | D:4      | Noticed an ogre
  3773 | D:5      | Entered Level 5 of the Dungeon
  3995 | D:4      | Got a transparent robe
  4061 | D:4      | Noticed Sigmund
  4241 | D:5      | Reached skill level 1 in Evocations
  4354 | D:5      | Reached XP level 6. HP: 12/48 MP: 3/10
  4868 | D:5      | Your scales start taking on a lurid green colour.
  4868 | D:5      | Reached XP level 7. HP: 50/55 MP: 1/12
  4868 | D:5      | Gained mutation: Your system is resistant to poisons. (rPois) [Green Draconian growth]
  5386 | D:5      | Reached skill level 5 in Ice Magic
  5644 | D:5      | You fall through a shaft for 2 floors!
  5780 | D:7      | Found a radiant altar of Vehumet.
  6517 | D:6      | Reached XP level 8. HP: 61/61 MP: 10/14
  6577 | D:5      | Found a deep blue altar of Sif Muna.
  6585 | D:5      | Became a worshipper of Sif Muna the Loreminder
  7586 | D:6      | Reached skill level 6 in Ice Magic
  7817 | D:6      | Found an opulent altar of Gozag.
  7861 | D:6      | Reached skill level 1 in Invocations
  7922 | D:6      | Found a staircase to the Ecumenical Temple.
  7934 | Temple   | Entered the Ecumenical Temple
  8330 | D:6      | Reached skill level 5 in Spellcasting
  8335 | D:6      | Gained mutation: You have a pair of small antennae on your head. [mutagenic meat]
  8336 | D:6      | Gained mutation: Your magical capacity is low. (-10% MP) [mutagenic meat]
  8337 | D:6      | Gained mutation: Your muscles are strong. (Str +2) [mutagenic meat]
  8338 | D:6      | Gained mutation: You have large cloven feet. [mutagenic meat]
  8339 | D:6      | Gained mutation: Your muscles are very strong. (Str +4) [mutagenic meat]
  8949 | D:6      | Gained mutation: You tend to lose your temper in combat. [mutagenic meat]
  8950 | D:6      | Lost mutation: Your muscles are very strong. (Str +4) [mutagenic meat]
  8951 | D:6      | Gained mutation: Your large and strong wings let you fly indefinitely. [mutagenic meat]
  8953 | D:6      | Lost mutation: Your large and strong wings let you fly indefinitely. [mutagenic meat]
  9018 | D:6      | Reached * piety under Sif Muna
  9068 | D:6      | Reached XP level 9. HP: 67/67 MP: 11/15
  9727 | D:7      | Found a runed door.
  9727 | D:7      | Noticed a sixfirhy
  9849 | D:7      | Slain by a wyvern zombie

Skill      XL: |  1  2  3  4  5  6  7  8 |
---------------+-------------------------+-----
Fighting       | 1 2 |  2.1
Charms         | 1 2 3 4 |  4.3
Ice Magic      | 4 5 6 |  6.6
Spellcasting   | 3 4 5 |  5.3
Evocations     | 1 2 3 |  3.2
Conjurations   | 2 3 4 |  4.8
Invocations    | 2 |  2.9
Dodging        | |  1.7
Stealth        | |  1.7

Action                   |  1- 3 |  4- 6 |  7- 9 || total
-------------------------+-------+-------+-------++-------
Melee: Dagger            |    31 |    97 |   378 ||   506
       Tailslap          |     3 |    14 |    46 ||    63
       Mace              |    10 |    11 |       ||    21
 Cast: Freeze            |    45 |    95 |    80 ||   220
       Ozocubu's Armour  |       |     2 |    14 ||    16
       Throw Icicle      |       |       |    23 ||    23
 Abil: Breathe Noxious F |       |       |     2 ||     2
Evoke: Wand              |       |     2 |     1 ||     3
  Use: Scroll            |       |    11 |     3 ||    14
       Potion            |       |     1 |    11 ||    12
 Stab: Sleeping          |     1 |     2 |     2 ||     5
  Eat: Chunk             |     3 |     8 |    24 ||    35
       Pizza             |       |     1 |       ||     1
       Meat ration       |       |       |     2 ||     2
Armor: Skin              |    45 |    54 |   245 ||   344
Dodge: Dodged            |    72 |   115 |   347 ||   534
